 Dungeon Crawl Stone Soup version 0.30-a0-1053-gbd8d5ba0ad (webtiles) character file.

Game seed: 2319638514011238476

520 bmack86 the Chopper (level 7, -6/61 HPs)
             Began as a Minotaur Fighter on Apr 12, 2023.
             Was an Initiate of Okawaru.
             Mangled by a two-headed ogre
             ... wielding a +0 giant club
              (28 damage)
             ... on level 5 of the Dungeon.
             The game lasted 00:10:39 (3663 turns).

bmack86 the Chopper (Minotaur Fighter)              Turns: 3663, Time: 00:10:40

Health: -6/61      AC: 13    Str: 22    XL:     7   Next: 1%
Magic:  6/6        EV:  6    Int:  5    God:    Okawaru [......]
Gold:   295        SH:  8    Dex: 10    Spells: 6/6 levels left

rFire   . . .      SeeInvis .    a - +1 war axe (freeze)
rCold   . . .      Faith    .    p - +0 kite shield
rNeg    . . .      Spirit   .    u - +0 chain mail
rPois   .          Reflect  .    (helmet restricted)
rElec   .          Rampage  .    y - +0 cloak
rCorr   .                        (no gloves)
Will    .....                    A - +1 pair of boots {Stlth+} Stlth
                                 k - amulet of regeneration
HPRegen 1.10/turn                (no ring)
MPRegen 0.10/turn                (no ring)

@: no status effects
A: horns 2, retaliatory headbutt
a: Renounce Religion


You were on level 5 of the Dungeon.
You worshipped Okawaru.
Okawaru was noncommittal.
You visited 2 branches of the dungeon, and saw 6 of its levels.

You collected 295 gold pieces.

Inventory:

Hand Weapons
 a - a +1 war axe of freezing (weapon)
 v - a +0 war axe
Armour
 b - a +0 scale mail
 c - a +0 buckler
 p - a +0 kite shield (worn)
 u - a +0 chain mail (worn)
 y - a +0 cloak (worn)
 A - a +1 pair of boots of stealth (worn)
Jewellery
 k - an amulet of regeneration (around neck)
 l - a ring of ice
Scrolls
 m - 2 scrolls of teleportation
 n - 2 scrolls of poison
 o - a scroll of amnesia
 q - a scroll of identify
 w - a scroll of enchant weapon
Potions
 d - 2 potions of might
 e - 2 potions of attraction {unknown}
 f - a potion of haste {unknown}
 g - a potion of ambrosia
 h - a potion of cancellation
 i - 3 potions of heal wounds
 j - a potion of brilliance
 t - 3 potions of lignification {unknown}
 z - 2 potions of curing {unknown}


   Skills:
 + Level 5.3 Fighting
 * Level 6.0 Axes
 + Level 5.2 Armour
 + Level 5.3 Shields
 + Level 1.0 Invocations


You had 6 spell levels left.
You didn't know any spells.
Your spell library contained the following spells:

 Spells                   Type           Power      Damage    Failure   Level
 Sandblast                Erth           0%         2d4       100%        1
 Passwall                 Tmut/Erth      0%         N/A       100%        2
 Portal Projectile        Hex/Tloc       0%         N/A       100%        3
 Stone Arrow              Conj/Erth      0%         3d7       100%        3
 Leda's Liquefaction      Hex/Erth       0%         N/A       100%        4
 Call Canine Familiar     Summ           Unusable   N/A       N/A         3

Dungeon Overview and Level Annotations

Branches:
Dungeon (5/15)             Temple (1/1) D:5

Altars:
Ashenzari
Cheibriados
Fedhas
Gozag
Hepliaklqana
Kikubaaqudgha
Makhleb
Okawaru
Ru
Sif Muna
Trog
Uskayaw
Wu Jian
Xom
Yredelemnul
Zin
The Shining One

Annotations:
D:3 2 runed translucent doors, Pimp's ghost, amateur DEHu


Innate Abilities, Weirdness & Mutations

You have a pair of horns on your head.
You reflexively headbutt those who attack you in melee.


Message History

There is a staircase back to the Dungeon here.
You climb upwards.
Welcome back to the Dungeon!
There is a staircase to the Ecumenical Temple here.
A two-headed ogre comes into view. It is wielding two +0 giant clubs.
The two-headed ogre shouts in stereo!
You hit the two-headed ogre but do no damage.
You block the two-headed ogre's attack.
The two-headed ogre hits you with a +0 giant club.
You hit the two-headed ogre but do no damage.
The two-headed ogre hits you with a +0 giant club.
You block the two-headed ogre's attack.
You hit the two-headed ogre. You freeze the two-headed ogre.
The two-headed ogre is lightly wounded.
The two-headed ogre barely misses you. You furiously retaliate!
You headbutt the two-headed ogre.
The two-headed ogre completely misses you.
You hit the two-headed ogre. You freeze the two-headed ogre.
The two-headed ogre is lightly wounded.
The two-headed ogre hits you with a +0 giant club!!
The two-headed ogre hits you with a +0 giant club.
You slash the two-headed ogre! You freeze the two-headed ogre.
You headbutt the two-headed ogre, but do no damage.
The two-headed ogre is heavily wounded.
You barely miss the two-headed ogre.
The two-headed ogre is heavily wounded.
The two-headed ogre hits you but does no damage.
You block the two-headed ogre's attack.
You hit the two-headed ogre. You freeze the two-headed ogre.
Your headbutt misses the two-headed ogre.
The two-headed ogre is heavily wounded.
You block the two-headed ogre's attack. x2
You slash the two-headed ogre! You freeze the two-headed ogre.
Your headbutt misses the two-headed ogre.
The two-headed ogre is severely wounded.
The two-headed ogre hits you with a +0 giant club!!
The two-headed ogre hits you with a +0 giant club.
You hit the two-headed ogre but do no damage.
The two-headed ogre is severely wounded.
The two-headed ogre hits you with a +0 giant club!!
You die...

#.....#.#...........#...
#.....#.#...####....#.#.
#.....#.#...............
########.#..####.....#.#.
.........................
##########...............
##.#######......
#######.#######.#.>##
+...@................
###O###.#######.#..## #.
#.#######.#.... #.
#....)......... #.
#########...... #.
#.#.### #. #.#.# #. ###.#
#.#


You could see a two-headed ogre.

Vanquished Creatures
  An ogre (D:4)
  A phantom (D:4)
  A scorpion (D:4)
  A hound (D:4)
  A jelly (D:4)
  An orc priest (D:3)
  An iguana (D:5)
  An orc wizard (D:4)
  8 adders
  2 worms
  2 dart slugs (D:3)
  7 orcs
  6 bats
  4 endoplasms
  6 goblins
  3 hobgoblins
  5 jackals
  2 quokkas (D:3)
  6 ball pythons
  5 frilled lizards
  6 kobolds
  5 rats
75 creatures vanquished.

Notes
Turn   | Place    | Note
-------+----------+-------------------------------------------
     0 | D:1      | bmack86 the Minotaur Fighter began the quest for the Orb.
     0 | D:1      | Reached XP level 1. HP: 19/19 MP: 0/0
   440 | D:1      | Reached XP level 2. HP: 24/27 MP: 1/1
   650 | D:2      | Found a hazy altar of Hepliaklqana.
   656 | D:2      | Reached skill level 3 in Axes
   818 | D:2      | Reached XP level 3. HP: 33/33 MP: 2/2
  1490 | D:3      | Reached skill level 4 in Axes
  1490 | D:3      | Reached XP level 4. HP: 24/40 MP: 3/3
  1598 | D:3      | Found a faded altar of an unknown god.
  1649 | D:3      | Found an ornate altar of the Wu Jian Council.
  1649 | D:3      | Found a blossoming altar of Fedhas.
  2033 | D:3      | Found a runed translucent door.
  2040 | D:3      | Noticed Pimp's ghost (amateur DEHu)
  2183 | D:3      | Found a runed translucent door.
  2245 | D:4      | Noticed a scorpion
  2252 | D:4      | Killed a scorpion
  2253 | D:4      | Reached XP level 5. HP: 36/47 MP: 4/4
  2301 | D:4      | Found a broken altar of Ashenzari.
  2326 | D:4      | Noticed an ogre
  2339 | D:4      | Killed an ogre
  2340 | D:4      | Reached skill level 5 in Axes
  2340 | D:4      | Reached XP level 6. HP: 55/55 MP: 5/5
  2386 | D:4      | Reached skill level 5 in Fighting
  2386 | D:4      | Reached skill level 5 in Shields
  2425 | D:4      | Reached skill level 5 in Armour
  2453 | D:4      | Found an iron altar of Okawaru.
  2464 | D:4      | Became a worshipper of Warmaster Okawaru
  2651 | D:4      | Found a shimmering blue altar of Sif Muna.
  3205 | D:5      | Entered Level 5 of the Dungeon
  3210 | D:5      | Reached skill level 1 in Invocations
  3220 | D:5      | Reached skill level 6 in Axes
  3220 | D:5      | Reached XP level 7. HP: 61/61 MP: 6/6
  3320 | D:5      | Found a staircase to the Ecumenical Temple.
  3405 | Temple   | Entered the Ecumenical Temple
  3654 | D:5      | Noticed a two-headed ogre
  3663 | D:5      | Mangled by a two-headed ogre

Illustrated notes

Levels and vault maps discovered:
D:1:      lightli_iron_boxes, layout_basic, minmay_misc_feat_square
D:2:      layout_loops_corners, basic_altar
D:3:      layout_loops_ring, gammafunk_temple_overflow_statue,
          ebering_ghost_sewer_f, ebering_ecumenical_altar_petrified
D:4:      layout_loops_cross, overflow_temple_1_default, amcnicky_altar_gilded,
          okawaru_metal_pillars_1_2, feat_on_display
D:5:      layout_basic, temple_pool_b, minmay_shop_enchanted_jewellery
Temple:   minmay_temple_curvy_loop

Skill      XL: |  1  2  3  4  5  6 |
---------------+-------------------+-----
Axes           | 3 4 5 6 |  6.0
Fighting       | 4 5 |  5.3
Armour         | 4 5 |  5.2
Shields        | 4 5 |  5.3
Invocations    | 1 |  1.0

Action                     |  1- 3 |  4- 6 |  7- 9 || total
---------------------------+-------+-------+-------++-------
  Melee: War axe           |    62 |    94 |    11 ||   167
         Headbutt          |     4 |    10 |     2 ||    16
    Use: Scroll            |     2 |    16 |       ||    18
         Potion            |       |     1 |       ||     1
 Armour: Scale mail        |    42 |       |       ||    42
         Chain mail        |     4 |    64 |     1 ||    69
  Dodge: Dodged            |    44 |    29 |     2 ||    75
  Block: Buckler           |    18 |       |       ||    18
         Kite shield       |    17 |    39 |     5 ||    61

Table legend: (Time is in decaauts)
 A = Elapsed time spent in this place.
 B = Non-inter-level travel time spent in this place.
 C = Inter-level travel time spent in this place.
 D = Time resting spent in this place.
 E = Time spent auto-exploring this place.
 F = Levels seen in this place.
 G = Mean time per level.
                   A        B        C        D        E       F      G
               +--------+--------+--------+--------+--------+-----+--------+
         Total |   3733 |   3590 |    143 |     67 |   2401 |   6 |  622.2 |
       Dungeon |   3508 |   3388 |    120 |     67 |   2206 |   5 |  701.6 |
        Temple |    224 |    201 |     23 |      0 |    195 |   1 |  224.0 |
               +--------+--------+--------+--------+--------+-----+--------+

Top non-repeatable levels by time:
     D:4: 981 daAuts
     D:2: 879 daAuts
     D:3: 820 daAuts
     D:1: 588 daAuts
     D:5: 238 daAuts
  Temple: 224 daAuts
